 Dungeon Crawl Stone Soup version 0.30-a0-568-g124715a40b (webtiles) character file.

Game seed: 16617063469653869119

2111 Pooter the Grappler (level 9, -6/92 HPs)
             Began as a Troll Fighter on Dec 29, 2022.
             Mangled by a two-headed ogre
             ... wielding a +0 dire flail
              (12 damage)
             ... on level 5 of the Dungeon.
             The game lasted 00:26:33 (3124 turns).

Pooter the Grappler (Troll Fighter)                 Turns: 3124, Time: 00:26:33

Health: -6/92      AC:  5    Str: 27    XL:     9   Next: 7%
Magic:  11/11      EV:  8    Int:  4    God:
Gold:   235        SH:  7    Dex:  9    Spells: 11/12 levels left

rFire   + . .      SeeInvis .      - Unarmed
rCold   + . .      Faith    .    j - +0 kite shield
rNeg    . . .      Spirit   .    r - +1 robe "Isifif" {Will++ Regen+ Str-3 Archmagi}
rPois   .          Reflect  .    (helmet restricted)
rElec   .          Harm     .    n - scarf {rC+ rF+}
rCorr   .          Rampage  .    (gloves unavailable)
Will    ++++.      Archmagi +    (boots unavailable)
Stlth   +                        q - amulet of magic regeneration
HPRegen 1.95/turn                v - ring of willpower
MPRegen 0.52/turn                G - ring of willpower

@: studying Fighting
A: large, unfitting armour, claws 3, regeneration 1, shaggy fur 1, tough skin 1
a: no special abilities


You were on level 5 of the Dungeon.
You visited 1 branch of the dungeon, and saw 5 of its levels.

You collected 235 gold pieces.

Inventory:

Hand Weapons
 b - a +3 sling of flaming
   (You took it off a goblin on level 2 of the Dungeon)
 z - a +0 trident of draining
   (You found it on level 3 of the Dungeon)
Missiles
 c - a large rock
 i - a boomerang
 y - 16 poisoned darts
 Q - 38 stones (quivered)
Armour
 g - +0 swamp dragon scales
   (You found it on level 1 of the Dungeon)
 j - a +0 kite shield (worn)
 l - a scarf of repulsion
   (You found it on level 2 of the Dungeon)
 n - a scarf of resistance (worn)
   (You found it on level 2 of the Dungeon)
 r - the +1 robe "Isifif" (worn) {Will++ Regen+ Str-3 Archmagi}
   (You found it on level 2 of the Dungeon)

   Str:       It affects your strength (-3).
   Regen:     It increases your rate of health regeneration.
   Archmagi:  It increases the power of your magical spells.
   Will:      It greatly increases your willpower.
Jewellery
 q - an amulet of magic regeneration (around neck)
   (You found it on level 2 of the Dungeon)
 v - a ring of willpower (left claw)
   (You found it on level 2 of the Dungeon)
 G - a ring of willpower (right claw)
   (You found it on level 5 of the Dungeon)
Wands
 d - a wand of iceblast (7)
   (You found it on level 2 of the Dungeon)
 f - a wand of flame (15)
   (You found it on level 5 of the Dungeon)
 E - a wand of polymorph (7)
   (You found it on level 5 of the Dungeon)
Scrolls
 e - a scroll of brand weapon
 o - a scroll of immolation {unknown}
 t - a scroll of teleportation {@r4}
 w - a scroll of poison {unknown}
 x - a scroll of amnesia
 A - a scroll of summoning {unknown}
 B - a scroll of vulnerability {unknown}
 C - a scroll of blinking {unknown}
 I - a scroll of fear {unknown}
Potions
 a - a potion of lignification {unknown}
 h - 9 potions of curing {@q1}
 k - a potion of haste {unknown}
 m - a potion of attraction {unknown}
 p - 2 potions of cancellation {unknown}
 s - 2 potions of heal wounds {@q2}
 u - 3 potions of brilliance {unknown}
 D - a potion of magic {unknown}
 F - a potion of mutation {unknown}
 H - 4 potions of degeneration {unknown}


   Skills:
 + Level 6.9 Fighting
 - Level 2.4 Dodging
 + Level 4.0 Shields
 * Level 8.6 Unarmed Combat
 + Level 2.3 Spellcasting
 + Level 2.7 Transmutations


You had 11 spell levels left.
You knew the following spells:

 Your Spells              Type           Power      Damage    Failure   Level
a - Beastly Appendage     Tmut           8%         N/A       32%         1

Your spell library contained the following spells:

 Spells                   Type           Power      Damage    Failure   Level
 Wereblood                Tmut           4%         N/A       45%         2
 Spider Form              Tmut/Pois      2%         N/A       87%         3


Dungeon Overview and Level Annotations

Branches:
Dungeon (5/15)
 Temple: D:4-7

Altars:
Fedhas
Ru
Yredelemnul
Zin


Innate Abilities, Weirdness & Mutations

You are too large for most types of armour.
You have claws for hands.
Your natural rate of healing is unusually fast.
You are covered in fur. (AC +1)
You have tough skin. (AC +1)


Message History

The howler monkey howls!
The stone hits the howler monkey but does no damage.
You hear two shouts!
You throw a stone.
The stone hits the howler monkey but does no damage.
The howler monkey hoots and howls with incredible vigour!
The howler monkey attacks as you move away!
The howler monkey closely misses you.
The howler monkey attacks as you move away!
The howler monkey hits you.
A dart slug comes into view.
The dart slug launches a dart at you. The slug dart misses you.
You block the howler monkey's attack.
The howler monkey attacks as you move away!
You block the howler monkey's attack.
The howler monkey attacks as you move away!
The howler monkey hits you.
The howler monkey hoots and howls with incredible vigour!
You scratch the howler monkey. The howler monkey barely misses you.
You completely miss the howler monkey. The howler monkey hits you.
You scratch the howler monkey.
The howler monkey hits you but does no damage.
The howler monkey hits you.
You scratch the howler monkey.
Okay, then.
Throw: 2 large rocks
Aim: a howler monkey (moderately wounded, 53% to hit)
You throw a large rock.
The large rock completely misses the two-headed ogre.
The large rock hits the howler monkey.
The howler monkey hoots and howls with incredible vigour!
The two-headed ogre hits you with a +0 dire flail!!
The two-headed ogre hits you with a +0 giant club!!
* * * LOW HITPOINT WARNING * * *
You scratch the two-headed ogre. You scratch the two-headed ogre.
The two-headed ogre hits you with a +0 dire flail!
* * * LOW HITPOINT WARNING * * *
The two-headed ogre hits you with a +0 giant club!
* * * LOW HITPOINT WARNING * * *
You scratch the two-headed ogre but do no damage.
You block the two-headed ogre's attack.
The two-headed ogre hits you with a +0 giant club!!
* * * LOW HITPOINT WARNING * * *
The howler monkey hoots and howls with incredible vigour!
Unknown command.
You claw the two-headed ogre! You mangle the two-headed ogre!!
The two-headed ogre hits you with a +0 dire flail!
You die...

#..... #..... ##...#
##### # # #
############ #
#whO@......## #
#.########..# #
#.|#.#.# ##†# #
#.###.#O..#.# #
#..#.####.#.#########
#O###.# #........#.
#..#.## ####.....'.
#.#.##### #.....#.
#.###.O.# #.....#.


You could see a two-headed ogre, a howler monkey (catching breath) and a dart
slug.

Vanquished Creatures
  3 kobold demonologists (D:5)
  Grinder (D:3)
  A black bear (D:5)
  An ice beast (D:5)
  An ogre (D:4)
  2 kobold brigands (D:5)
  A scorpion (D:4)
  A gnoll sergeant (D:5)
  2 howler monkeys
  A jelly (D:4)
  An orc priest (D:4)
  A gnoll bouda (D:4)
  A hound (D:5)
  Terence (D:3)
  An iguana (D:4)
  Natasha (thrice) (D:3)
  3 orc wizards
  8 gnolls
  7 adders
  3 worms
  4 dart slugs
  14 orcs
  4 bats
  17 endoplasms
  3 giant cockroaches
  5 goblins
  6 hobgoblins
  3 quokkas
  3 ball pythons
  4 frilled lizards
  7 kobolds
  7 rats
120 creatures vanquished.

Notes
Turn   | Place    | Note
-------+----------+-------------------------------------------
     0 | D:1      | Pooter the Troll Fighter began the quest for the Orb.
     0 | D:1      | Reached XP level 1. HP: 22/22 MP: 0/0
    48 | D:1      | Reached XP level 2. HP: 29/29 MP: 1/1
   146 | D:1      | Reached skill level 3 in Unarmed Combat
   400 | D:1      | Reached XP level 3. HP: 36/36 MP: 2/2
   622 | D:2      | Noticed a shining eye
   631 | D:2      | Found a faded altar of an unknown god.
   634 | D:2      | Noticed a golden eye
   634 | D:2      | Noticed a shining eye
   634 | D:2      | Noticed a golden eye
   722 | D:2      | Reached skill level 4 in Unarmed Combat
   743 | D:2      | Reached XP level 4. HP: 45/45 MP: 3/3
   851 | D:2      | Identified the +1 robe "Isifif" {Will++ Regen+ Str-3
                  | Archmagi}
  1115 | D:3      | Noticed Natasha
  1123 | D:3      | Killed Natasha
  1202 | D:3      | Noticed Grinder
  1231 | D:3      | Killed Grinder
  1232 | D:3      | Reached skill level 5 in Unarmed Combat
  1232 | D:3      | Reached XP level 5. HP: 48/55 MP: 4/4
  1232 | D:3      | Reached XP level 6. HP: 55/63 MP: 5/5
  1275 | D:3      | Found a sacrificial altar of Ru.
  1374 | D:3      | Noticed Natasha
  1380 | D:3      | Killed Natasha
  1381 | D:3      | Reached skill level 6 in Unarmed Combat
  1391 | D:3      | Noticed Terence
  1401 | D:3      | Killed Terence
  1475 | D:3      | Noticed Natasha
  1483 | D:3      | Killed Natasha
  1621 | D:4      | Reached skill level 5 in Fighting
  1705 | D:4      | Learned a level 1 spell: Beastly Appendage
  1756 | D:4      | Reached XP level 7. HP: 58/72 MP: 6/6
  1830 | D:4      | Reached skill level 1 in Transmutations
  2088 | D:4      | Reached skill level 7 in Unarmed Combat
  2187 | D:4      | Found a blossoming altar of Fedhas.
  2190 | D:4      | Found a glowing silver altar of Zin.
  2195 | D:4      | Found a basalt altar of Yredelemnul.
  2390 | D:5      | Entered Level 5 of the Dungeon
  2397 | D:5      | Reached skill level 1 in Spellcasting
  2579 | D:5      | Reached XP level 8. HP: 48/83 MP: 8/8
  2724 | D:5      | Noticed a kobold demonologist
  2728 | D:5      | Noticed a kobold demonologist
  2742 | D:5      | Killed a kobold demonologist
  2748 | D:5      | Killed a kobold demonologist
  2749 | D:5      | Reached skill level 8 in Unarmed Combat
  2759 | D:5      | Noticed a kobold demonologist
  2761 | D:5      | Noticed a smoke demon
  2768 | D:5      | Killed a kobold demonologist
  2778 | D:5      | Reached XP level 9. HP: 60/92 MP: 11/11
  2988 | D:5      | Noticed a two-headed ogre
  2989 | D:5      | Noticed a gargoyle
  3122 | D:5      | HP: 3/92 [two-headed ogre/+0 dire flail (25)]
  3124 | D:5      | Mangled by a two-headed ogre

Illustrated notes

Levels and vault maps discovered:
D:1:      dpeg_arrival_round_a, layout_loops_ring
D:2:      layout_rooms, hellmonk_ecumenical_altar_watching_god
D:3:      layout_rooms, mainiacjoe_overflow_boulevard, uniq_natasha,
          uniq_grinder, uniq_terence
D:4:      layout_loops_ring, grunt_temple_overflow_diamond
D:5:      layout_gridville, minmay_small_thing

Skill      XL: |  1  2  3  4  5  6  7  8  9 |
---------------+----------------------------+-----
Unarmed Combat | 3 4 5 6 7 8 |  8.6
Fighting       | 3 4 5 6 |  6.9
Transmutations | 1 2 |  2.7
Spellcasting   | 1 2 |  2.3
Shields        | 3 4 |  4.0
Dodging        | |  2.4

Action                   |  1- 3 |  4- 6 |  7- 9 || total
-------------------------+-------+-------+-------++-------
Melee: Unarmed           |    77 |    91 |   119 ||   287
 Fire: Sling             |     2 |    26 |    56 ||    84
Throw: Stone             |       |     2 |     3 ||     5
       Large rock        |       |       |     1 ||     1
Evoke: Wand              |       |       |     6 ||     6
  Use: Scroll            |       |     2 |     2 ||     4
       Potion            |       |       |     1 ||     1
Armor: Robe              |    16 |    12 |    42 ||    70
       Swamp dragon scal |    18 |     3 |       ||    21
Dodge: Dodged            |    21 |    22 |    42 ||    85
Block: Kite shield       |    18 |    19 |    47 ||    84

Table legend: (Time is in decaauts)
 A = Elapsed time spent in this place.
 B = Non-inter-level travel time spent in this place.
 C = Inter-level travel time spent in this place.
 D = Time resting spent in this place.
 E = Time spent auto-exploring this place.
 F = Levels seen in this place.
 G = Mean time per level.
                   A        B        C        D        E       F      G
               +--------+--------+--------+--------+--------+-----+--------+
         Total |   3152 |   3084 |     68 |     63 |   2111 |   5 |  630.4 |
       Dungeon |   3152 |   3084 |     68 |     63 |   2111 |   5 |  630.4 |
               +--------+--------+--------+--------+--------+-----+--------+

Top non-repeatable levels by time:
     D:4: 798 daAuts
     D:5: 737 daAuts
     D:1: 610 daAuts
     D:3: 534 daAuts
     D:2: 471 daAuts
